 Dungeon Crawl Stone Soup version 0.31-a0-977-gc230f8ef24 (webtiles) character file.

Game seed: 8805409167252252793

8220 Gladio the Geomancer (level 11, -1/97 HPs)
             Began as a Meteoran Earth Elementalist on Oct 29, 2023.
             Was a Follower of Ashenzari.
             Slain by a two-headed ogre
             ... wielding a +0 giant club
              (24 damage)
             ... on level 9 of the Dungeon.
             The game lasted 00:27:21 (5478 turns).

Gladio the Geomancer (Meteoran Earth Elementalist)  Turns: 5478, Time: 00:27:21

Health: -1/97      AC:  9    Str: 10    XL:     11   Next: 80%
Magic:  0/26       EV: 14    Int: 41    God:    Ashenzari [*.....]
Gold:   267        SH:  0    Dex: 11    Spells: 13/31 levels left

rFire   + . .        x - staff of earth
rCold   + . .        (no shield)
rNeg    + + .        b - +1 robe of Ashenzari's Gnosis {Harm rElec Int+7 Dex-4, Comp, Alch} (curse)
rPois   +            j - +1 helmet of the Bound Heavens {Rampage Int+3, Self, Melee} (curse)
rElec   +            u - scarf {rC+ rF+}
rCorr   .            (no gloves)
SInv    .            (no boots)
Will    +....        (no amulet)
Stlth   +            C - ring "Enuacuth" {Contam rPois rN++ AC+4 Int+4}
HPRegen 0.36/turn    E - +6 ring of intelligence
MPRegen 0.20/turn

%: harm (+30% outgoing, +20% incoming), rampage
@: glowing
A: sense surroundings 2, otherworldly, glowing, explore regen
a: Renounce Religion, Shatter the Chains


You were on level 9 of the Dungeon.
You worshipped Ashenzari.
Ashenzari was aware of your devotion.
You visited 2 branches of the dungeon, and saw 10 of its levels.
You also visited: Bailey.

You collected 605 gold pieces.
You spent 338 gold pieces at shops.

Inventory:

Armour
 a - a +0 robe
 b - the cursed +1 robe of Ashenzari's Gnosis (worn) {Harm rElec Int+7 Dex-4, Comp, Alch}
   (You bought it in a shop on level 6 of the Dungeon)

   Int+7:     It affects your intelligence (+7).
   Dex-4:     It affects your dexterity (-4).
   rElec:     It insulates you from electricity.
   Harm:      It increases damage dealt and taken.
   It has a curse which improves the following skills: Companions: Summonings
   and Necromancy.
   Alchemy:   Poison Magic and Transmutations.
 j - the cursed +1 helmet of the Bound Heavens (worn) {Rampage Int+3, Self, Melee}
   (You acquired it on level 5 of the Dungeon)

   Int+3:     It affects your intelligence (+3).
   Rampage:   It bestows one free step when moving towards enemies.
   It has a curse which improves the following skills: Introspection: Fighting
   and Spellcasting.
   Melee Combat: Short Blades, Long Blades, Axes, Maces & Flails, Polearms,
   Staves and Unarmed Combat.
 u - a scarf of resistance (worn)
 w - a +0 leather armour
Magical Staves
 x - a staff of earth (weapon)
Jewellery
 p - a ring of poison resistance
 C - the ring "Enuacuth" (left hand) {Contam rPois rN++ AC+4 Int+4}
   (You found it on level 8 of the Dungeon)

   [ring of protection]

   AC+4:      It affects your AC (+4).
   Int+4:     It affects your intelligence (+4).
   rPois:     It protects you from poison rN++: It greatly protects you from
   negative energy.
   Contam:    It causes magical contamination when unequipped.
 E - a +6 ring of intelligence (right hand)
Wands
 n - a wand of flame (48)
 s - a wand of paralysis (6)
 z - a wand of mindburst (15)
Scrolls
 c - 2 scrolls of silence
 d - 5 scrolls of teleportation
 f - 2 scrolls of poison
 g - 9 scrolls of identify
 i - 3 scrolls of revelation
 k - 6 scrolls of fog
 m - a scroll of enchant weapon
 t - a scroll of butterflies
 y - 2 scrolls of brand weapon
Potions
 e - 4 potions of might
 h - 3 potions of heal wounds
 l - a potion of curing
 o - a potion of lignification
 q - 2 potions of enlightenment
 r - a potion of brilliance
 v - a potion of ambrosia
 A - a potion of mutation
 B - a potion of attraction
 D - 2 potions of haste
 F - 2 potions of resistance


   Skills:
 + Level 8.6(9.4) Fighting
 + Level 3.3(4.0) Staves
 + Level 6.5 Dodging
 - Level 1.4 Stealth
 + Level 9.9(10.7) Spellcasting
 - Level 1.2(1.7) Transmutations
 * Level 13.8 Earth Magic


You had 13 spell levels left.
You knew the following spells:

 Your Spells              Type           Power      Damage    Failure   Level
a - Sandblast             Erth           100%       2d20      0%          1
b - Stone Arrow           Conj/Erth      100%       3d13      1%          3
c - Petrify               Tmut/Erth      92%        N/A       1%          4
d - Brom's Barrelling Bo  Conj/Erth      87%        2d10      1%          4
e - Leda's Liquefaction   Hex/Erth       43%        N/A       1%          4
f - Passwall              Tmut/Erth      76%        N/A       1%          2

Your spell library contained the following spells:

 Spells                   Type           Power      Damage    Failure   Level
 Call Canine Familiar     Summ           22%        N/A       4%          3
 Dazzling Flash           Conj/Hex       44%        N/A       4%          3
 Inner Flame              Hex/Fire       22%        N/A       4%          3
 Sigil of Binding         Hex            22%        N/A       4%          3
 Volatile Blastmotes      Fire/Tloc      44%        2d13      4%          3
 Olgreb's Toxic Radiance  Pois           22%        N/A       14%         4
 Cause Fear               Hex            11%        N/A       16%         4
 Dimensional Bullseye     Hex/Tloc       11%        N/A       16%         4
 Flame Wave               Conj/Fire      22%        2d8       16%         4
 Fulminant Prism          Conj/Hex       11%        3d8       16%         4
 Sticky Flame             Conj/Fire      22%        2d4       16%         4
 Starburst                Conj/Fire      11%        6d5       93%         6
 Maxwell's Capacitive Co  Air            11%        ∞         100%        8


Dungeon Overview and Level Annotations

Branches:
Dungeon (9/15) Zot: 209    Temple (1/1) D:6 Zot: 598  Bailey (visited)
   Lair: D:8-11         Orc: D:9-12

Altars:
Ashenzari
Cheibriados
Dithmenos
Elyvilon
Fedhas
Hepliaklqana
Kikubaaqudgha
Makhleb
Nemelex Xobeh
Okawaru
Qazlal
Ru
Trog
Uskayaw
Vehumet
Wu Jian
Xom
Yredelemnul
The Shining One
Jiyva

Shops:
D:1 [   D:2 =   D:6 [   D:7 [**:

Annotations:
D:7 Jeremiah


Innate Abilities, Weirdness & Mutations

You passively map the area around you.
You are easily found by Zot.
You glow in the dark.
You regain HP and MP as you explore.


Message History

Your boulder crumbles as it rolls away.
There is a stone staircase leading down here.
You climb downwards.
There is a stone staircase leading up here.
A two-headed ogre is nearby!
A two-headed ogre is nearby!
The two-headed ogre shouts in stereo!
Casting: Brom's Barrelling Boulder (mildly dangerous; 1% risk of failure)
Confirm with . or Enter, or press ? or * to list all spells.
Aiming: Stone Arrow (safe; 1% risk of failure)
Press: ? - help, Shift-Dir - straight line, f - two-headed ogre
Aim: a two-headed ogre, wielding a +0 giant club and a +0 giant spiked club (89% to hit)
You feel a surge of power!
The stone arrow hits the two-headed ogre!
The two-headed ogre is moderately wounded.
Casting: Stone Arrow (safe; 1% risk of failure)
Confirm with . or Enter, or press ? or * to list all spells.
Aiming: Sandblast (safe; 0% risk of failure)
Press: ? - help, Shift-Dir - straight line, f/p - two-headed ogre
Aim: a two-headed ogre, wielding a +0 giant club and a +0 giant spiked club (moderately wounded, 93% to hit)
You feel a surge of power!
The blast of sand hits the two-headed ogre!
The two-headed ogre is heavily wounded.
The two-headed ogre misses you.
The two-headed ogre hits you with a +0 giant spiked club!
Casting: Sandblast (safe; 0% risk of failure)
Confirm with . or Enter, or press ? or * to list all spells.
Aiming: Sandblast (safe; 0% risk of failure)
Press: ? - help, Shift-Dir - straight line, f/p - two-headed ogre
Aim: a two-headed ogre, wielding a +0 giant club and a +0 giant spiked club (heavily wounded, 93% to hit)
You feel a surge of power!
The blast of sand hits the two-headed ogre!!
The two-headed ogre is almost dead.
The two-headed ogre hits you with a +0 giant club!
The two-headed ogre hits you with a +0 giant spiked club!
* * * LOW HITPOINT WARNING * * *
You hit the two-headed ogre.
You shatter the two-headed ogre.
The two-headed ogre is almost dead.
The two-headed ogre hits you with a +0 giant club!!
You die...

, , +...#.........###..#.#......
~~##...........##.##.......... ~
#............#.#..#....#### ~ ~
###....)...............#..#
#####................####...#.#*
......................#
#.......,
.T............##.####.#
#......>. <.............##O#
.........O.. .c†..........[..@#
####........ ..<..........[...#
###...... #................#
*.O..., ..≈≈≈≈≈≈≈........# *, ,
#............<...# ,
#.≈.≈≈≈.≈........## *
#.≈.....≈.........#########...,,
..≈.._..≈.....................
#.≈.....≈.#..~~~~≈~~..########


You could see a two-headed ogre.

Vanquished Creatures
  An orc warlord (Bailey)
  3 two-headed ogres
  Maggie (D:6)
  A troll (D:9)
  Grinder (D:4)
  A hornet (D:9)
  A wraith (D:7)
  Sigmund (D:2)
  A vampire (D:8)
  Eustachio (D:5)
  4 yaks (D:8)
  2 steam dragons
  Menkaure (D:4)
  3 black bears
  An ice beast (D:7)
  6 orc warriors
  A sky beast (D:7)
  An ogre (D:6)
  2 centaurs
  Blork the orc (D:4)
  5 bullfrogs
  4 scorpions
  7 wights
  2 howler monkeys
  5 hounds
  4 orc priests
  3 jellies
  Jessica (D:2)
  3 sleepcaps
  Ijyb (D:5)
  5 iguanas
  4 orc wizards
  A mummy (D:5)
  Robin (D:4)
  A gnoll (Bailey)
  6 adders
  2 shadow imps
  4 ufetubi (D:6)
  A worm (D:4)
  21 orcs
  7 ball pythons
  5 bats
  3 endoplasms
  A giant cockroach (D:1)
  22 goblins
  12 hobgoblins
  3 quokkas
  6 frilled lizards
  15 kobolds
  5 rats
194 creatures vanquished.

Vanquished Creatures (collateral kills)
  6 boulders
6 creatures vanquished.

Vanquished Creatures (others)
  7 boulders
7 creatures vanquished.

Grand Total: 207 creatures vanquished

Notes
Turn   | Place    | Note
-------+----------+-------------------------------------------
     0 | D:1      | Gladio the Meteoran Earth Elementalist began the quest for
                  | the Orb.
     0 | D:1      | Reached XP level 1. HP: 14/14 MP: 5/5
    92 | D:1      | Reached XP level 2. HP: 22/22 MP: 0/6
   194 | D:1      | Reached skill level 4 in Earth Magic
   234 | D:1      | Found Zeost's Armour Shop.
   302 | D:1      | Reached XP level 3. HP: 27/27 MP: 2/8
   309 | D:1      | Learned a level 3 spell: Stone Arrow
   324 | D:1      | You fall into a shaft and drop 1 floor!
   329 | D:2      | Found a hide-covered altar of Uskayaw.
   376 | D:2      | Noticed Jessica
   381 | D:2      | Killed Jessica
   382 | D:2      | Reached skill level 1 in Fighting
   382 | D:2      | Reached XP level 4. HP: 35/35 MP: 4/9
   389 | D:2      | Noticed a glass eye
   392 | D:2      | Found a faded altar of an unknown god.
   394 | D:2      | Noticed a golden eye
   394 | D:2      | Noticed a golden eye
   394 | D:2      | Noticed a golden eye
   498 | D:2      | Found Faezuex's Jewellery Shop.
   782 | D:2      | Reached XP level 5. HP: 41/41 MP: 9/11
  1007 | D:2      | Noticed Sigmund
  1012 | D:2      | Killed Sigmund
  1013 | D:2      | Reached skill level 5 in Earth Magic
  1013 | D:2      | Reached XP level 6. HP: 35/50 MP: 10/13
  1070 | D:2      | Glimpsed the power of Zot.
  1478 | D:4      | Noticed Robin
  1644 | D:4      | Killed Robin
  1645 | D:4      | Reached skill level 6 in Earth Magic
  1665 | D:4      | Reached XP level 7. HP: 48/54 MP: 3/14
  1670 | D:4      | Found a broken altar of Ashenzari.
  1670 | D:4      | Noticed Blork the orc
  1675 | D:4      | Killed Blork the orc
  1685 | D:4      | Became a worshipper of Ashenzari the Shackled
  1705 | D:4      | Noticed Grinder
  1722 | D:4      | Killed Grinder
  1723 | D:4      | Reached XP level 8. HP: 44/63 MP: 2/16
  1728 | D:4      | Learned a level 4 spell: Petrify
  1739 | D:4      | Reached skill level 5 in Spellcasting
  1739 | D:4      | Reached skill level 7 in Earth Magic
  1744 | D:4      | Learned a level 4 spell: Brom's Barrelling Boulder
  2141 | D:4      | Noticed Menkaure
  2152 | D:4      | Killed Menkaure
  2255 | D:4      | Glimpsed the power of Zot.
  2303 | D:4      | Glimpsed the power of Zot.
  2343 | D:4      | Glimpsed the power of Zot.
  2348 | D:5      | Entered Level 5 of the Dungeon
  2373 | D:5      | Noticed Eustachio
  2378 | D:5      | Killed Eustachio
  2379 | D:5      | Reached skill level 5 in Dodging
  2379 | D:5      | Reached skill level 8 in Earth Magic
  2399 | D:5      | Found a snail-covered altar of Cheibriados.
  2464 | D:5      | Found a blossoming altar of Fedhas.
  2509 | D:5      | Gained mutation: You passively map the area around you.
                  | [Meteoran growth]
  2509 | D:5      | Reached XP level 9. HP: 65/73 MP: 1/19
  2514 | D:5      | Learned a level 4 spell: Leda's Liquefaction
  2662 | D:5      | Reached * piety under Ashenzari
  2662 | D:5      | Identified a scroll of acquirement
  2663 | D:5      | Acquired the +1 helmet "Yphet" {Rampage Int+3}
  2800 | D:5      | Noticed Ijyb
  2804 | D:5      | Killed Ijyb
  2849 | D:5      | Glimpsed the power of Zot.
  2899 | D:5      | Glimpsed the power of Zot.
  3000 | D:6      | Reached skill level 9 in Earth Magic
  3020 | D:6      | Reached skill level 5 in Fighting
  3129 | D:6      | Found a staircase to the Ecumenical Temple.
  3152 | Temple   | Entered the Ecumenical Temple
  3228 | D:6      | Found Woizyxze's Armour Boutique.
  3326 | D:6      | Noticed Maggie
  3344 | D:6      | Killed Maggie
  3345 | D:6      | Reached skill level 10 in Earth Magic
  3448 | D:6      | Glimpsed the power of Zot.
  3470 | D:7      | Found Ylaxky's Assorted Antiques.
  3506 | D:7      | Found Guissaud's Assorted Antiques.
  3517 | D:7      | Reached XP level 10. HP: 68/86 MP: 12/23
  3580 | D:7      | Found Dyokkebb's Book Emporium.
  3630 | D:7      | Reached skill level 11 in Earth Magic
  3707 | D:7      | Found a hazy altar of Hepliaklqana.
  3708 | D:7      | Found a shimmering altar of Xom.
  3708 | D:7      | Found a burning altar of Makhleb.
  3709 | D:7      | Found a shadowy altar of Dithmenos.
  3719 | D:7      | Noticed Jeremiah
  3954 | D:6      | Bought the +1 robe "Kagag" {Harm rElec Int+7 Dex-4} for 338
                  | gold pieces
  4007 | D:8      | Identified the of Zempudoth
  4018 | D:7      | Found Holidima's Armour Shop.
  4236 | D:8      | Reached ** piety under Ashenzari
  4246 | D:8      | Noticed a two-headed ogre
  4257 | D:8      | Killed a two-headed ogre
  4258 | D:8      | Reached skill level 12 in Earth Magic
  4376 | D:8      | Identified the ring "Enuacuth" {Contam rPois rN++ AC+4
                  | Int+4}
  4401 | D:8      | Found a sacrificial altar of Ru.
  4590 | D:8      | Found a white marble altar of Elyvilon.
  4613 | D:8      | Glimpsed the power of Zot.
  4680 | D:9      | Found a radiant altar of Vehumet.
  4685 | D:9      | Found a flagged portal.
  4728 | Bailey   | Entered a bailey
  4733 | Bailey   | Noticed an orc warlord
  4739 | Bailey   | Learned a level 2 spell: Passwall
  4787 | Bailey   | Found a runed translucent gate.
  4790 | Bailey   | Found a runed translucent gate.
  4795 | Bailey   | Found a runed translucent gate.
  4822 | Bailey   | Reached XP level 11. HP: 97/97 MP: 13/26
  4970 | Bailey   | Killed an orc warlord
  5109 | Bailey   | Acquired a staff of earth
  5146 | D:9      | Noticed a two-headed ogre
  5152 | D:9      | Reached skill level 13 in Earth Magic
  5153 | D:9      | Killed a two-headed ogre
  5154 | D:9      | Reached skill level 1 in Staves
  5376 | D:9      | Noticed a two-headed ogre
  5382 | D:9      | Killed a two-headed ogre
  5406 | D:9      | Noticed a two-headed ogre
  5478 | D:9      | Slain by a two-headed ogre

Illustrated notes

Levels and vault maps discovered:
D:1:      sevenhm_arrival_forest_fort_large_2, layout_rooms, serial_rivers,
          chequers_serial_rivers_room_b, chequers_serial_rivers_marsh,
          chequers_serial_rivers_small_3, chequers_serial_rivers_small_a,
          chequers_serial_rivers_micro_b, chequers_serial_rivers_micro_a,
          serial_shops, nicolae_shop_tiny_statue_garden,
          chequers_hall_statues_corner_a, chequers_arboretum
D:2:      layout_basic, serial_shops, nicolae_shop_statue_plus,
          hellmonk_ecumenical_altar_watching_god, basic_altar,
          kennysheep_generic_room_8, uniq_sigmund, uniq_jessica
D:3:      layout_rooms
D:4:      layout_cave_pods, evilmike_ruin_ashenzari, kennysheep_path_1,
          st_stairs_14, kennysheep_generic_room_10, uniq_grinder,
          uniq_blork_the_orc, uniq_menkaure, uniq_robin
D:5:      layout_cave_pods, slow_altar_2, fedhas_ov_isle_minmay, uniq_eustachio,
          uniq_ijyb
D:6:      layout_basic, minmay_temple_entry_mini_moons, serial_shops,
          kennysheep_mini_moat, uniq_maggie
D:7:      layout_basic, chequers_temple_overflow_statue_of_worship,
          serial_shops, shop_fountains, shop_statue, shop,
          nicolae_stop_n_shop_1, hex_intersection, uniq_jeremiah
D:8:      layout_loops_ring, nicolae_ru_path_of_blood, amcnicky_altar_gilded
D:9:      layout_rooms, mainiacjoe_overflow_cross_hatched, lemuel_doored_altar,
          led_sif_pool, lair_entry_dummy, enter_bailey_4, minmay_between
Temple:   pf_slimified_temple

Skill      XL: |  1  2  3  4  5  6  7  8  9 10 11 |
---------------+----------------------------------+-----
Earth Magic    | 4 5 6 8 10 12 13 | 13.8
Spellcasting   | 3 4 5 7 9 |  9.9
Fighting       | 1 2 3 4 6 7 8 |  8.6
Dodging        | 3 4 5 6 |  6.5
Staves         | 3 |  3.3
Stealth        | |  1.4
Transmutations | |  1.2

Action                     |  1- 3 |  4- 6 |  7- 9 | 10-12 || total
---------------------------+-------+-------+-------+-------++-------
  Melee: Unarmed           |    21 |     6 |       |       ||    27
         Punch             |     1 |     1 |       |       ||     2
         Dagger            |       |       |    18 |     9 ||    27
         Staff             |       |       |       |     9 ||     9
   Cast: Sandblast         |    25 |    31 |    34 |    42 ||   132
         Stone Arrow       |       |    18 |    63 |    94 ||   175
         Brom's Barrelling |       |       |    10 |    11 ||    21
 Invoke: Curse Item        |       |       |     3 |     1 ||     4
         Shatter the Chain |       |       |     1 |     1 ||     2
  Evoke: Wand              |       |     4 |       |     1 ||     5
    Use: Scroll            |       |       |     1 |     5 ||     6
         Potion            |       |       |       |     5 ||     5
 Armour: Robe              |    11 |    16 |    23 |    63 ||   113
         Leather armour    |       |       |    17 |    16 ||    33
  Dodge: Dodged            |    20 |    22 |    34 |    81 ||   157

Table legend: (Time is in decaauts)
 A = Elapsed time spent in this place.
 B = Non-inter-level travel time spent in this place.
 C = Inter-level travel time spent in this place.
 D = Time resting spent in this place.
 E = Time spent auto-exploring this place.
 F = Levels seen in this place.
 G = Mean time per level.
                   A        B        C        D        E       F      G
               +--------+--------+--------+--------+--------+-----+--------+
         Total |   5594 |   5038 |    556 |    235 |   3424 |  11 |  508.5 |
       Dungeon |   5189 |   4633 |    556 |    235 |   3298 |   9 |  576.6 |
        Temple |      1 |      1 |      0 |      0 |      0 |   1 |    1.0 |
        Bailey |    403 |    403 |      0 |      0 |    126 |   1 |  403.0 |
               +--------+--------+--------+--------+--------+-----+--------+

Top non-repeatable levels by time:
     D:4: 733 daAuts
     D:8: 673 daAuts
     D:7: 662 daAuts
     D:6: 651 daAuts
     D:2: 612 daAuts
     D:5: 574 daAuts
     D:3: 554 daAuts
     D:1: 494 daAuts
  Bailey: 403 daAuts
     D:9: 232 daAuts
  Temple: 1 daAuts
